 Dungeon Sprint DCSS version 0.27-a0-1177-g245c70e1c0 (webtiles) character file.

Game seed: 6946823266882352027

2409 Zeld the Fighter (level 9, -6/76 HPs)
             Began as an Octopode Fighter on May 16, 2021.
             Was the Champion of Jiyva.
             Succumbed to a redback's poison
             ... in the Dungeon (Sprint V: "Ziggurat Sprint").
             The game lasted 00:03:10 (205 turns).

Zeld the Fighter (Octopode Fighter)                  Turns: 205, Time: 00:03:11

Health: -6/76      AC:  3    Str: 29    XL:     9   Next: 47%
Magic:  7/18       EV: 14    Int: 12    God:    Jiyva [******]
Gold:   0          SH: 24    Dex: 21    Spells: 8/8 levels left

rFire    . . .     SeeInvis +   a - +5 broad axe
rCold    . . .     Faith    .   i - +3 tower shield
rNeg     . . .     Spirit   +   (helmet restricted)
rPois    .         Reflect  .   A - amulet of guardian spirit
rElec    .         Harm     .   w - +6 ring of strength
rCorr    +         Rampage  .   v - +6 ring of strength
Will     .....     NoTele   +   z - ring "Ceroucre" {Int+3 Dex+4 SInv}
Stlth    +++.......             (no ring)
HPRegen  0.22/turn              C - ring of the Octopus King {MP+9 AC+1 EV+1 Str+1 Int+1 Dex+1}
MPRegen  0.16/turn              (no ring)
                                (no ring)
                                (no ring)

@: lethally poisoned (-6 -> -158), studying Fighting
A: almost no armour, amphibious, 8 rings, camouflage 1, gelatinous body 2,
(nimble swimmer 1), tentacles, tentacle spike 1, agile 2, dopey 1, mutation
resistance 1, weak 1, wild magic 1, pseudopods 1, jelly sensing items
a: Renounce Religion, Request Jelly, Slimify, Cure Bad Mutation


You were in the Dungeon.
You worshipped Jiyva.
Jiyva was exalted by your worship.
You visited 1 branch

Inventory:

Hand Weapons
 a - a +5 broad axe (weapon)
Armour
 i - a +3 tower shield (worn)
Jewellery
 v - a +6 ring of strength (right tentacle)
 w - a +6 ring of strength (left tentacle)
 z - the ring "Ceroucre" (on tentacle) {Int+3 Dex+4 SInv}
   (You found it in the Dungeon)

   [ring of see invisible]

   It affects your intelligence (+3).
   It affects your dexterity (+4).
   It lets you see invisible.
 A - an amulet of guardian spirit (around mantle)
 C - a ring of the Octopus King (on tentacle) {MP+9 AC+1 EV+1 Str+1 Int+1 Dex+1}
   (You found it in the Dungeon)

   [ring of magical power]

   It affects your AC (+1).
   It affects your evasion (+1).
   It affects your strength (+1).
   It affects your intelligence (+1).
   It affects your dexterity (+1).
   It affects your magic capacity (+9).
Wands
 s - a wand of mindburst (7)
 t - a wand of iceblast (7)
 u - a wand of acid (7)
Scrolls
 h - 4 scrolls of blinking
 j - 4 scrolls of amnesia
 k - 7 scrolls of fog
 l - a scroll of holy word
 m - 5 scrolls of identify
 n - 2 scrolls of fear
Potions
 b - 6 potions of might
 c - 7 potions of curing
 d - 6 potions of heal wounds
 e - 10 potions of haste
 f - 7 potions of magic
 g - 3 potions of berserk rage
 o - 2 potions of brilliance
 p - 2 potions of invisibility
 q - 4 potions of resistance
Miscellaneous
 r - a box of beasts
 x - a lightning rod (4/4)
 y - a phial of floods
 B - a condenser vane
 D - a condenser vane


   Skills:
 * Level 13.4 Fighting
 * Level 11.8 Axes
 - Level 3.0 Dodging
 * Level 12.6 Shields
 - Level 2.0 Unarmed Combat


You had 8 spell levels left.
You didn't know any spells.
Your spell library contained the following spells:

 Spells                   Type           Power      Damage    Failure   Level
 Ignite Poison            Fire/Tmut/Pois 0%         N/A       99%         3
 Fireball                 Conj/Fire      0%         3d3       100%        5
 Starburst                Conj/Fire      0%         8x6d3     100%        6
 Ignition                 Fire           0%         3d3       100%        8


Dungeon Overview and Level Annotations

Branches:
Dungeon (1/1)

Altars:
Ashenzari
Cheibriados
Dithmenos
Elyvilon
Fedhas
Gozag
Hepliaklqana
Kikubaaqudgha
Makhleb
Nemelex Xobeh
Okawaru
Qazlal
Ru
Sif Muna
Trog
Uskayaw
Vehumet
Wu Jian
Xom
Yredelemnul
Zin
The Shining One
Beogh
Jiyva
Lugonu

Annotations:
D 1 transporter


Innate Abilities, Weirdness & Mutations

You cannot wear most types of armour.
You are amphibious.
You can wear up to eight rings at the same time.
Your skin changes colour to match your surroundings (Stealth+).
Your pliable body absorbs attacks. (AC +2, EV +2)
((You are camouflaged near water. (Stealth+)))
You have tentacles for arms and can constrict up to eight enemies at once.
One of your tentacles bears a spike.
You are very agile. (Dex +4)
You are dopey. (Int -2)
You are somewhat resistant to further mutation.
You are weak. (Str -2)
Your spells are a little harder to cast, but a little more powerful.
Armour fits poorly on your pseudopods.
You have a small jelly attached to you that senses nearby items.


Message History

You constrict the wolf spider.
You feel extremely sick. You block the redback's attack.
The redback bites you but does no damage.
You block the wolf spider's attack. The wolf spider barely misses you.
The jumping spider leaps!
You hear a distant slurping noise.
Jiyva alters your body.
You feel genetically stable.
You feel your power returning.
You feel better. You block the redback's attack. The scorpion stings you!
The redback closely misses you. You block the wolf spider's attack.
The wolf spider bites you!
You are more poisoned.
The wolf spider poisons you!
You hit the wolf spider.
You pierce the wolf spider, but do no damage.
You squeeze the wolf spider.
The wolf spider is severely wounded.
You slice the scorpion!!
You kill the scorpion!
You barely miss the redback. You hit the redback but do no damage.
You constrict the wolf spider!
* * * LOW HITPOINT WARNING * * *
You feel extremely sick. You block the redback's attack. x2
You hear a distant slurping noise.
Jiyva appreciates your sacrifice.
You feel your power returning.
You feel better. You block the wolf spider's attack. The wolf spider bites you!
* * * LOW HITPOINT WARNING * * *
You are more poisoned.
The wolf spider poisons you!
The jumping spider leaps!
The redback bites you.
* * * LOW HITPOINT WARNING * * *
You are more poisoned.
The redback poisons you! The redback bites you!
* * * LOW HITPOINT WARNING * * *
You are too injured to fight recklessly!
You feel much better.
You constrict the wolf spider.
You kill the wolf spider!
You die...

▓...©...▓
▓▓▓▓▓▓▓▓▓
▓..8©8..▓
▓..|))..▓
▓.."s=..▓
▓.......▓
▓...s...▓
▓.°s†...▓
▓...@s..▓
▓.▓...▓.▓
▓...©...▓
▓▓▓▓▓▓▓▓▓
∆∆∆∆∆
∆∆∆∆


You could see a jumping spider, 2 redbacks and a scorpion.

Vanquished Creatures
  A wolf spider (D)
  A merfolk (D)
  A water moccasin (D)
  3 phantoms (D)
  A scorpion (D)
  An orc wizard (D)
  3 adders (D)
  4 ball pythons (D)
  A giant cockroach zombie (D)
16 creatures vanquished.

Vanquished Creatures (collateral kills)
  A dancing weapon (D)
  A deep elf archer (D)
  2 deep elf pyromancers (D)
  3 merfolk (D)
  2 wind drakes (D)
  An orc priest (D)
10 creatures vanquished.

Vanquished Creatures (others)
  2 jellies (D)
2 creatures vanquished.

Grand Total: 28 creatures vanquished

Notes
Turn   | Place    | Note
-------+----------+-------------------------------------------
     0 | D        | Zeld the Octopode Fighter began the quest for the Orb.
     0 | D        | Reached XP level 1. HP: 16/16 MP: 1/1
     1 | D        | Found a blossoming altar of Fedhas.
     2 | D        | Found the +6 Majin-Bo {vamp, MP+6 Int+6}
     2 | D        | Found the +9 heavy crossbow "Sniper" {vorpal, Acc+∞ SInv}
     2 | D        | Found the +10 dark maul {vorpal}
     2 | D        | Found the +15 Maxwell's patent armour {-Cast -Tele rElec
                  | Will+ rCorr}
     2 | D        | Found the +18 shield of the Gong {rElec rN+ Will+ EV-5}
     2 | D        | Found the +14 obsidian axe {vorpal, Drain Fly SInv}
     2 | D        | Found the +7 great mace "Firestarter" {inner flame, rF++}
     2 | D        | Found the +6 shillelagh "Devastator" {shatter}
     2 | D        | Found the +11 plutonium sword {Contam Stlth-}
     2 | D        | Found the +8 lance "Wyrmbane" {slay drac, rPois rF+ rC+
                  | AC+3}
     2 | D        | Found the +9 sword of Zonguldrok {reap}
     2 | D        | Found the +13 scythe of Curses {drain, Drain}
     2 | D        | Found the +5 sword of Power {vorpal}
     2 | D        | Found the +7 mace of Variability {chain chaos}
     2 | D        | Found the +7 Singing Sword {vorpal, sonic wave}
     2 | D        | Found the +8 storm bow {elec, penet}
    16 | D        | Found a viscous altar of Jiyva.
    16 | D        | Found a hazy altar of Hepliaklqana.
    16 | D        | Found a transporter.
    16 | D        | Found an opulent altar of Gozag.
    16 | D        | Found an ancient bone altar of Kikubaaqudgha.
    16 | D        | Found a corrupted altar of Lugonu.
    21 | D        | Found a burning altar of Makhleb.
    22 | D        | Found a sacrificial altar of Ru.
    22 | D        | Found a stormy altar of Qazlal.
    22 | D        | Found a shimmering blue altar of Sif Muna.
    22 | D        | Found an iron altar of Okawaru.
    22 | D        | Found a bloodstained altar of Trog.
    22 | D        | Found a sparkling altar of Nemelex Xobeh.
    38 | D        | Reached skill level 5 in Fighting
    38 | D        | Reached skill level 5 in Shields
    38 | D        | Reached XP level 2. HP: 24/24 MP: 2/2
    54 | D        | Became a worshipper of Jiyva Jauj the Shapeless
    54 | D        | Reached * piety under Jiyva
    54 | D        | Reached ** piety under Jiyva
    54 | D        | Reached *** piety under Jiyva
    54 | D        | Gained mutation: Your pliable body absorbs attacks. (AC +2,
                  | EV +2) [Jiyva's grace]
    54 | D        | Gained mutation: You tend to lose your temper in combat.
                  | [Jiyva's grace]
    54 | D        | Reached **** piety under Jiyva
    54 | D        | Reached ***** piety under Jiyva
    54 | D        | Lost mutation: You tend to lose your temper in combat.
                  | [Jiyva's grace]
    54 | D        | Reached ****** piety under Jiyva
    54 | D        | Gained mutation: You sometimes lose the ability to read
                  | scrolls when taking damage. [Jiyva's grace]
    54 | D        | Lost mutation: You sometimes lose the ability to read
                  | scrolls when taking damage. [Jiyva's grace]
    54 | D        | Gained mutation: Armour fits poorly on your pseudopods.
                  | [Jiyva's grace]
    54 | D        | Gained mutation: You possess an exceptional clarity of
                  | mind. [Jiyva's grace]
    54 | D        | Lost mutation: Armour fits poorly on your pseudopods.
                  | [Jiyva's grace]
    54 | D        | Gained mutation: Your gelatinous body deflects attacks. (AC
                  | +3, EV +3) [Jiyva's grace]
    54 | D        | Lost mutation: Your gelatinous body deflects attacks. (AC
                  | +3, EV +3) [Jiyva's grace]
    54 | D        | Gained mutation: Your spells are a little harder to cast,
                  | but a little more powerful. [Jiyva's grace]
    54 | D        | Gained mutation: Your mind is acute. (Int +2) [Jiyva's
                  | grace]
    54 | D        | Gained mutation: You have a small jelly attached to you
                  | that senses nearby items. [Jiyva's grace]
    54 | D        | Gained mutation: Your flesh is heat resistant. (rF+)
                  | [Jiyva's grace]
    54 | D        | Gained mutation: You are partially covered in iridescent
                  | scales. (AC +2) [Jiyva's grace]
    54 | D        | Gained mutation: Your spells are harder to cast, but more
                  | powerful. [Jiyva's grace]
    54 | D        | Gained mutation: You are somewhat resistant to further
                  | mutation. [Jiyva's grace]
    54 | D        | Gained mutation: Armour fits poorly on your pseudopods.
                  | [Jiyva's grace]
    54 | D        | Gained mutation: You have an increased reservoir of magic.
                  | (+10% MP) [Jiyva's grace]
    54 | D        | Gained mutation: You have acidic saliva. [Jiyva's grace]
    54 | D        | Lost mutation: You have a small jelly attached to you that
                  | senses nearby items. [Jiyva's grace]
    54 | D        | Gained mutation: Your muscles are strong. (Str +2) [Jiyva's
                  | grace]
    54 | D        | Lost mutation: You are partially covered in iridescent
                  | scales. (AC +2) [Jiyva's grace]
    54 | D        | Lost mutation: Your pliable body absorbs attacks. (AC +2,
                  | EV +2) [Jiyva's grace]
    54 | D        | Gained mutation: Your spells are much harder to cast, but
                  | much more powerful. [Jiyva's grace]
    54 | D        | Lost mutation: You have acidic saliva. [Jiyva's grace]
    54 | D        | Lost mutation: Your mind is acute. (Int +2) [Jiyva's grace]
    54 | D        | Gained mutation: Your mind is acute. (Int +2) [Jiyva's
                  | grace]
    54 | D        | Gained mutation: One of your tentacles bears a spike.
                  | [Jiyva's grace]
    54 | D        | Gained mutation: You have a pair of small antennae on your
                  | head. [Jiyva's grace]
    55 | D        | Lost mutation: Your mind is acute. (Int +2) [Jiyva's grace]
    55 | D        | Gained mutation: You have a small jelly attached to you
                  | that senses nearby items. [Jiyva's grace]
    55 | D        | Lost mutation: You have a pair of small antennae on your
                  | head. [Jiyva's grace]
    55 | D        | Lost mutation: Your muscles are strong. (Str +2) [Jiyva's
                  | grace]
    55 | D        | Gained mutation: Your mind is acute. (Int +2) [Jiyva's
                  | grace]
    55 | D        | Gained mutation: You are frail. (-10% HP) [Jiyva's grace]
    55 | D        | Gained mutation: One of your tentacles bears a nasty spike.
                  | [Jiyva's grace]
    55 | D        | Gained mutation: One of your tentacles bears a large
                  | vicious spike. [Jiyva's grace]
    55 | D        | Gained mutation: Your muscles are strong. (Str +2) [Jiyva's
                  | grace]
    55 | D        | Gained mutation: You have acidic saliva. [Jiyva's grace]
    55 | D        | Lost mutation: One of your tentacles bears a large vicious
                  | spike. [Jiyva's grace]
    56 | D        | Lost mutation: You are frail. (-10% HP) [Jiyva's power]
    58 | D        | Entered arena 2.
    58 | D        | Lost mutation: Your flesh is heat resistant. (rF+) [Jiyva's
                  | grace]
    58 | D        | Lost mutation: You possess an exceptional clarity of mind.
                  | [Jiyva's grace]
    58 | D        | Gained mutation: Your muscles are very strong. (Str +4)
                  | [Jiyva's grace]
    58 | D        | Gained mutation: You are agile. (Dex +2) [Jiyva's grace]
    58 | D        | Lost mutation: You have a small jelly attached to you that
                  | senses nearby items. [Jiyva's grace]
    58 | D        | Gained mutation: Your body has grown golden eyes which may
                  | confuse attackers. (Acc +3) [Jiyva's grace]
    58 | D        | Gained mutation: Your mind is very acute. (Int +4) [Jiyva's
                  | grace]
    58 | D        | Found a transporter.
    60 | D        | Lost mutation: One of your tentacles bears a nasty spike.
                  | [Jiyva's grace]
    60 | D        | Gained mutation: You are partially covered in iridescent
                  | scales. (AC +2) [Jiyva's grace]
    61 | D        | Reached XP level 3. HP: 23/30 MP: 3/3
    61 | D        | Lost mutation: One of your tentacles bears a spike.
                  | [Jiyva's grace]
    62 | D        | Reached skill level 6 in Fighting
    63 | D        | Lost mutation: Armour fits poorly on your pseudopods.
                  | [Jiyva's grace]
    63 | D        | Gained mutation: You are robust. (+10% HP) [Jiyva's grace]
    63 | D        | Lost mutation: Your spells are much harder to cast, but
                  | much more powerful. [Jiyva's grace]
    64 | D        | Gained mutation: You expend magic power (3 MP) to
                  | strengthen your wands. [Jiyva's grace]
    66 | D        | Lost mutation: You are robust. (+10% HP) [Jiyva's grace]
    66 | D        | Lost mutation: Your body has grown golden eyes which may
                  | confuse attackers. (Acc +3) [Jiyva's grace]
    68 | D        | Gained mutation: You possess an exceptional clarity of
                  | mind. [Jiyva's grace]
    68 | D        | Gained mutation: You are very agile. (Dex +4) [Jiyva's
                  | grace]
    70 | D        | Gained mutation: Your melee attacks may engulf your foes in
                  | ooze. [Jiyva's grace]
    70 | D        | Lost mutation: You have acidic saliva. [Jiyva's grace]
    70 | D        | Gained mutation: Your flesh is heat resistant. (rF+)
                  | [Jiyva's grace]
    70 | D        | Gained mutation: You are partially covered in large bone
                  | plates. (SH +4) [Jiyva's grace]
    70 | D        | Gained mutation: You are mostly covered in iridescent
                  | scales. (AC +4) [Jiyva's grace]
    70 | D        | Gained mutation: You have a considerably increased
                  | reservoir of magic. (+20% MP) [Jiyva's grace]
    70 | D        | Gained mutation: You have a small jelly attached to you
                  | that may absorb incoming projectiles. [Jiyva's grace]
    70 | D        | Lost mutation: Your mind is very acute. (Int +4) [Jiyva's
                  | grace]
    70 | D        | Lost mutation: You possess an exceptional clarity of mind.
                  | [Jiyva's grace]
    72 | D        | Lost mutation: You expend magic power (3 MP) to strengthen
                  | your wands. [Jiyva's grace]
    72 | D        | Lost mutation: You are somewhat resistant to further
                  | mutation. [Jiyva's grace]
    72 | D        | Gained mutation: You evolve. [Jiyva's grace]
    72 | D        | Lost mutation: Your melee attacks may engulf your foes in
                  | ooze. [Jiyva's grace]
    75 | D        | Entered arena 3.
    75 | D        | Found a transporter.
    77 | D        | Gained mutation: Your mind is very acute. (Int +4) [Jiyva's
                  | grace]
    77 | D        | Gained mutation: You passively map a small area around you.
                  | [Jiyva's grace]
    77 | D        | Lost mutation: You have a small jelly attached to you that
                  | may absorb incoming projectiles. [Jiyva's grace]
    77 | D        | Gained mutation: One of your tentacles bears a spike.
                  | [Jiyva's grace]
    77 | D        | Gained mutation: Armour fits poorly on your pseudopods.
                  | [Jiyva's grace]
    77 | D        | Lost mutation: You are mostly covered in iridescent scales.
                  | (AC +4) [Jiyva's grace]
    79 | D        | Reached XP level 4. HP: 36/36 MP: 4/4
    80 | D        | Gained mutation: Your system is resistant to poisons.
                  | (rPois) [Jiyva's grace]
    82 | D        | Lost mutation: Your muscles are very strong. (Str +4)
                  | [Jiyva's grace]
    82 | D        | Gained mutation: Your muscles are very strong. (Str +4)
                  | [Jiyva's grace]
    82 | D        | Gained mutation: You have a small jelly attached to you
                  | that senses nearby items. [Jiyva's grace]
    87 | D        | Entered arena 4.
    87 | D        | Noticed a deep elf archer
    87 | D        | Noticed a deep elf pyromancer
    87 | D        | Noticed a +0 trident of protection
    87 | D        | Noticed a deep elf pyromancer
    87 | D        | Lost mutation: You are partially covered in iridescent
                  | scales. (AC +2) [Jiyva's grace]
    87 | D        | Found a transporter.
    92 | D        | Lost mutation: Your system is resistant to poisons. (rPois)
                  | [Jiyva's grace]
    92 | D        | Killed a +0 trident of protection
    92 | D        | Killed a deep elf pyromancer
    93 | D        | Reached skill level 10 in Fighting
    93 | D        | Reached skill level 10 in Shields
    93 | D        | Reached XP level 5. HP: 48/48 MP: 6/6
    93 | D        | Reached XP level 6. HP: 54/54 MP: 7/7
    93 | D        | Reached XP level 7. HP: 60/60 MP: 8/8
    94 | D        | Killed a deep elf pyromancer
    95 | D        | Reached XP level 8. HP: 58/66 MP: 9/9
    95 | D        | Gained mutation: Your pliable body absorbs attacks. (AC +2,
                  | EV +2) [Jiyva's grace]
    97 | D        | Killed a deep elf archer
    98 | D        | Reached skill level 11 in Fighting
    98 | D        | Reached skill level 10 in Axes
   101 | D        | Lost mutation: You passively map a small area around you.
                  | [Jiyva's grace]
   106 | D        | Lost mutation: Your pliable body absorbs attacks. (AC +2,
                  | EV +2) [Jiyva's grace]
   110 | D        | Lost mutation: Your flesh is heat resistant. (rF+) [Jiyva's
                  | grace]
   112 | D        | Got the ring "Ceroucre" {Int+3 Dex+4 SInv}
   119 | D        | Lost mutation: One of your tentacles bears a spike.
                  | [Jiyva's grace]
   122 | D        | Entered arena 5.
   122 | D        | Found a transporter.
   124 | D        | Lost mutation: Your mind is very acute. (Int +4) [Jiyva's
                  | grace]
   126 | D        | Lost mutation: Your mind is acute. (Int +2) [Jiyva's grace]
   128 | D        | Lost mutation: You evolve. [Jiyva's grace]
   131 | D        | Lost mutation: Your spells are harder to cast, but more
                  | powerful. [Jiyva's grace]
   135 | D        | Lost mutation: Your muscles are very strong. (Str +4)
                  | [Jiyva's grace]
   139 | D        | Lost mutation: You have a considerably increased reservoir
                  | of magic. (+20% MP) [Jiyva's grace]
   141 | D        | Entered arena 6.
   141 | D        | Found a transporter.
   142 | D        | Found the +9 staff of Olgreb {rPois∞}
   142 | D        | Found the ring of the Octopus King {MP+9 AC+1 EV+1 Str+1
                  | Int+1 Dex+1}
   144 | D        | Lost mutation: Armour fits poorly on your pseudopods.
                  | [Jiyva's grace]
   148 | D        | Gained mutation: Your melee attacks may engulf your foes in
                  | ooze. [Jiyva's grace]
   155 | D        | Lost mutation: You are partially covered in large bone
                  | plates. (SH +4) [Jiyva's grace]
   156 | D        | Got a ring of the Octopus King {MP+9 AC+1 EV+1 Str+1 Int+1
                  | Dex+1}
   160 | D        | Lost mutation: Your muscles are strong. (Str +2) [Jiyva's
                  | grace]
   162 | D        | Entered arena 7.
   162 | D        | Noticed a merfolk
   162 | D        | Noticed a merfolk
   162 | D        | Noticed a wind drake
   162 | D        | Noticed a merfolk
   162 | D        | Noticed a merfolk
   162 | D        | Noticed a wind drake
   163 | D        | Found a transporter.
   165 | D        | Lost mutation: Your melee attacks may engulf your foes in
                  | ooze. [Jiyva's grace]
   168 | D        | Killed a wind drake
   169 | D        | Reached XP level 9. HP: 73/73 MP: 9/9
   170 | D        | Gained mutation: You are dopey. (Int -2) [Jiyva's grace]
   170 | D        | Killed a merfolk
   171 | D        | Reached skill level 12 in Fighting
   172 | D        | Killed a merfolk
   173 | D        | Killed a wind drake
   174 | D        | Killed a merfolk
   174 | D        | Gained mutation: You are weak. (Str -2) [Jiyva's grace]
   175 | D        | Reached skill level 13 in Fighting
   176 | D        | Killed a merfolk
   182 | D        | Gained mutation: One of your tentacles bears a spike.
                  | [Jiyva's grace]
   190 | D        | Gained mutation: Armour fits poorly on your pseudopods.
                  | [Jiyva's grace]
   195 | D        | Lost mutation: You have an increased reservoir of magic.
                  | (+10% MP) [Jiyva's grace]
   199 | D        | Entered arena 8.
   199 | D        | Noticed a jumping spider
   199 | D        | Noticed a wolf spider
   200 | D        | Found a transporter.
   200 | D        | Gained mutation: Your pliable body absorbs attacks. (AC +2,
                  | EV +2) [Jiyva's grace]
   203 | D        | Gained mutation: You are somewhat resistant to further
                  | mutation. [Jiyva's grace]
   205 | D        | Killed a wolf spider
   205 | D        | Succumbed to a redback's poison

Illustrated notes

Levels and vault maps discovered:
D:        sprint_v [room_start, room_1, room_2, room_3, room_4, room_5, room_6,
          room_7, room_8, room_9, room_10, room_11, room_12, room_13, room_14,
          room_15, room_16, room_17, room_18, room_19, room_20, room_21,
          room_22, room_23, room_24, room_25, room_26, room_27]

Skill      XL: |  1  2  3  4  5  6  7  8  9 |
---------------+----------------------------+-----
Fighting       | 5 6 10 11 13 | 13.4
Axes           | 3 4 9 11 | 11.8
Shields        | 5 6 10 11 12 | 12.6
Dodging        | |  3.0
Unarmed Combat | |  2.0

Action                   |  1- 3 |  4- 6 |  7- 9 || total
-------------------------+-------+-------+-------++-------
Melee: Broad axe         |     4 |     1 |    17 ||    22
       Kick              |     2 |       |     3 ||     5
       Pseudopods        |     1 |     1 |     6 ||     8
       Constrict         |     1 |     1 |     3 ||     5
       Tentacles         |       |       |     7 ||     7
       Punch             |       |       |     1 ||     1
Invok: Cure Bad Mutation |     1 |       |       ||     1
  Use: Potion            |     1 |     2 |     5 ||     8
Armor: Skin              |       |     1 |     3 ||     4
Dodge: Dodged            |       |       |    10 ||    10
Block: Tower shield      |     6 |     9 |    52 ||    67

Table legend: (Time is in decaauts)
 A = Elapsed time spent in this place.
 B = Non-inter-level travel time spent in this place.
 C = Inter-level travel time spent in this place.
 D = Time resting spent in this place.
 E = Time spent auto-exploring this place.
 F = Levels seen in this place.
 G = Mean time per level.
                   A        B        C        D        E       F      G
               +--------+--------+--------+--------+--------+-----+--------+
         Total |    210 |    210 |      0 |     16 |      0 |   1 |  210.0 |
       Dungeon |    210 |    210 |      0 |     16 |      0 |   1 |  210.0 |
               +--------+--------+--------+--------+--------+-----+--------+

Top non-repeatable levels by time:
       D: 210 daAuts
